AoeStats
← DeThLeFf

Arabia

503607613Analyzed
2v2 RM · 1mo ago on Sep 1, 2026· 19m 10s· 4 players
Game mode
Random Map
Map size
Medium (4 player)
Population
200
Speed
Normal
Resources
Standard
Victory
Conquest
Starting age
Dark Age
Ending age
Imperial Age
RankedLock teamsTeams togetherTeam positionsShared explorationLock speedFull tech treeHidden civsTurbo modeCheats
Victory
Defeat
🇻🇪 Portuguese · Venezuela
1386
+11
🇻🇪 Magyars · Venezuela
1252
+17
🇩🇪 Britons · Germany
1281
-14
🇩🇪 Burgundians · Germany
1281
-14
DeThLeFf
7:04 Loom
9:42 Feudal Age
10:26 Double-Bit Axe
14:24 Fletching
15:19 Padded Archer Armor
Maho
7:53 Loom
9:58 Feudal Age
8:19 Double-Bit Axe
8:24 Horse Collar
19:00 Fletching
19:12 Padded Archer Armor
aurelio
6:46 Loom
8:50 Feudal Age
9:20 Double-Bit Axe
13:14 Scale Barding Armor
AG_Overrated
6:40 Loom
8:40 Feudal Age
10:11 Double-Bit Axe
12:29 Fletching
16:56 Padded Archer Armor
Connection lost

Rejoining the realm…

Still unreachable

The connection could not be restored.

Session expired

The server has moved on; the page needs a fresh start.